 Dungeon Crawl Stone Soup version 0.27-a0-590-g94244163b4 (webtiles) character file.

Game seed: 12161254891117904640

1917 sanka the Martial Artist (level 8, -7/60 HPs)
             Began as a Vampire Transmuter on Mar 10, 2021.
             Was a Follower of Okawaru.
             Killed from afar by Harold (14 damage)
             ... with a harpoon shot
             ... on level 7 of the Dungeon.
             The game lasted 00:11:29 (6317 turns).

sanka the Martial Artist (Vampire Transmuter)       Turns: 6317, Time: 00:11:29

Health: -7/60      AC:  2    Str:  9    XL:     8   Next: 95%
Magic:  10/11      EV: 20    Int: 15    God:    Okawaru [*.....]
Gold:   343        SH:  0    Dex: 22    Spells: 5/11 levels left

rFire    . . .     SeeInvis +     - Unarmed
rCold    . . .     Faith    .   (shield currently unavailable)
rNeg     . . .     Spirit   .   (armour currently unavailable)
rPois    .         Reflect  .   (helmet currently unavailable)
rElec    .         Harm     .   (cloak currently unavailable)
rCorr    .         Rampage  .   (gloves currently unavailable)
Will     .....                  (boots currently unavailable)
Stlth    ++........             (no amulet)
HPRegen  0.40/turn              m - ring of poison resistance
MPRegen  0.12/turn              (no ring)

@: spider-form (expiring), marked, regenerating quickly
A: tiny, see invisible
a: Exsanguinate, End Transformation, Renounce Religion, Heroism


You were on level 7 of the Dungeon.
You worshipped Okawaru.
Okawaru was aware of your devotion.
You were a venomous arachnid creature.
You visited 2 branches of the dungeon, and saw 8 of its levels.

You collected 343 gold pieces.


Innate Abilities, Weirdness & Mutations

Your natural rate of healing is unusually fast.
((You have razor-sharp teeth.))
You have supernaturally acute eyesight. (SInv)
((You can survive without breathing.))


   Skills:
 - Level 4.0 Fighting
 - Level 2.1 Dodging
 + Level 8.1 Unarmed Combat
 - Level 2.0 Spellcasting
 - Level 8.0 Transmutations
 - Level 4.0 Poison Magic


You had 5 spell levels left.
You knew the following spells:

 Your Spells              Type           Power      Damage    Failure   Level
x - Beastly Appendage     Tmut           50%        N/A       4%          1
y - Wereblood             Tmut           25%        N/A       6%          2
z - Spider Form           Tmut/Pois      9%         N/A       16%         3

Your spell library contained the following spells:

 Spells                   Type           Power      Damage    Failure   Level
 Blade Hands              Tmut           12%        N/A       43%         5
 Ice Form                 Ice/Tmut       13%        N/A       61%         4

Inventory:

Armour
 a - a +0 robe (melded)
 n - a +1 pair of boots (melded)
 s - a +1 pair of gloves (melded)
 t - a +0 cloak (melded)
Jewellery
 m - a ring of poison resistance (right front leg)
 o - a ring of positive energy
 v - a ring of ice
Wands
 w - a wand of acid (16)
Scrolls
 c - 6 scrolls of teleportation {unknown}
 g - 4 scrolls of enchant armour {unknown}
 h - 2 scrolls of immolation {unknown}
 i - a scroll of enchant weapon {unknown}
 j - 3 scrolls of fog {unknown}
 l - 3 scrolls of amnesia {unknown}
 p - 3 scrolls of identify {unknown}
 r - 3 scrolls of fear {unknown}
 x - 3 scrolls of magic mapping {unknown}
 y - 2 scrolls of brand weapon {unknown}
Potions
 b - 2 potions of degeneration {unknown}
 d - 3 potions of curing {unknown}
 e - 2 potions of might {unknown}
 f - 2 potions of haste {unknown}
 k - 2 potions of mutation {unknown}
 q - 4 potions of brilliance {unknown}
 u - a potion of berserk rage {unknown}

Dungeon Overview and Level Annotations

Branches:
Dungeon (7/15)             Temple (1/1) D:6

Altars:
Cheibriados
Dithmenos
Elyvilon
Gozag
Hepliaklqana
Kikubaaqudgha
Makhleb
Nemelex Xobeh
Okawaru
Qazlal
Ru
Sif Muna
Trog
Uskayaw
Vehumet
Wu Jian
Xom
Yredelemnul
Zin

Annotations:
D:7 Harold, Joseph

..8...8...8....(.......▒
.............▒.▒▒▒▒▒▒..▒▒
..▒▒▒▒▒▒▒.▒..▒...▒▒ ▒▒..▒
▒...▒▒▒▒▒.▒▒.▒▒▒..▒ ▒▒.▒▒▒
▒......▒▒).▒..▒▒▒.▒▒▒▒▒...▒▒▒▒▒▒▒
.......▒▒▒..▒.▒▒▒...............▒
▒............(......▒▒▒.........▒
.......▒▒▒..▒...▒▒▒.▒ ▒.........▒
................s.▒.▒ ▒.........▒
...>▒▒..▒......(....▒ ▒.........▒
.▒..▒▒............▒▒▒ ▒.........▒
.▒..............@@..▒▒▒▒▒▒▒▒▒▒▒▒▒
.▒▒▒..▒..........▒...▒ ▒.
..▒..........▒▒▒.▒▒ ▒.
................▒▒▒▒
.................▒
..........▒...▒▒..


You could see Harold (very poisoned) and Joseph.


Message History

Unknown command.
You bite Harold!
Harold is heavily wounded.
Harold throws a throwing net.
The throwing net hits you.
You become entangled in the net!
Joseph unwields a +0 quarterstaff.
Joseph wields a +0 hunting sling.
Joseph shoots a sling bullet.
The sling bullet barely misses you.
You see here a throwing net {=f}.
You struggle against the net.
You tear a large gash into the net.
You rip the net and break free!
Harold hits you with a +3 flail!!
* * * LOW HITPOINT WARNING * * *
Joseph unwields a +0 hunting sling.
Joseph wields a +0 quarterstaff.
Joseph hits you with a +0 quarterstaff!
* * * LOW HITPOINT WARNING * * *
Unknown command.
Unknown command.
Your transformation is almost over.
Joseph says, "No trespassing is allowed here."
Harold pauses a moment, imagining something with a smile on his face.
Harold casts a spell at you. The mark upon you grows brighter.
Harold fires a harpoon shot at you. The harpoon shot hits you!
You die...

Action                   |  1- 3 |  4- 6 |  7- 9 || total
-------------------------+-------+-------+-------++-------
Melee: Unarmed           |   102 |   227 |   186 ||   515
       Kick              |    21 |    33 |       ||    54
       Headbutt          |    11 |    19 |       ||    30
       Bite              |     8 |     5 |     3 ||    16
       Punch             |     3 |     2 |       ||     5
 Cast: Beastly Appendage |    22 |    30 |       ||    52
       Spider Form       |     1 |     9 |    19 ||    29
 Stab: Sleeping          |       |     2 |     2 ||     4
Armor: Robe              |     7 |    16 |     1 ||    24
       Skin              |       |     7 |     6 ||    13
Dodge: Dodged            |    52 |   196 |   167 ||   415

Levels and vault maps discovered:
D:1:      dpeg_arrival_pond, layout_loops_ring
D:2:      minmay_inner_zag, layout_basic, nicolae_gozag_seed_capital,
          chequers_ecumenical_altar_lobes, uniq_terence
D:3:      layout_rooms
D:4:      layout_basic, serial_curves, eino_curves_03, eino_curves_01
D:5:      layout_loops_ring, minitemple
D:6:      layout_cave_pods, minmay_temple_entry_overgrown,
          nicolae_qazlal_eye_of_the_storm, uniq_sigmund
D:7:      lemuel_bear_cage, layout_rooms, marbit_many_paths,
          nicolae_tso_carved_into_rock, minmay_misc_feat_four_crosses,
          uniq_joseph, uniq_pikel, uniq_harold
Temple:   nicolae_temple_elliptical

Notes
Turn   | Place    | Note
-------+----------+-------------------------------------------
     0 | D:1      | sanka the Vampire Transmuter began the quest for the Orb.
     0 | D:1      | Reached XP level 1. HP: 14/14 MP: 3/3
    29 | D:1      | Reached skill level 1 in Fighting
   142 | D:1      | Reached XP level 2. HP: 16/21 MP: 3/5
   144 | D:1      | Reached skill level 4 in Unarmed Combat
   293 | D:1      | Reached skill level 3 in Transmutations
   345 | D:1      | Reached XP level 3. HP: 25/26 MP: 4/6
   905 | D:1      | Learned a level 2 spell: Wereblood
   909 | D:1      | Learned a level 3 spell: Spider Form
  1049 | D:2      | Found an opulent altar of Gozag.
  1225 | D:2      | Noticed Terence
  1234 | D:2      | Killed Terence
  1235 | D:2      | Reached skill level 4 in Transmutations
  1235 | D:2      | Reached skill level 1 in Poison Magic
  1235 | D:2      | Reached XP level 4. HP: 32/32 MP: 3/7
  1587 | D:2      | Reached skill level 2 in Poison Magic
  1587 | D:2      | Reached XP level 5. HP: 16/37 MP: 4/8
  1791 | D:2      | Found a faded altar of an unknown god.
  2979 | D:4      | Reached skill level 5 in Transmutations
  3125 | D:4      | Reached skill level 3 in Poison Magic
  3125 | D:4      | Reached XP level 6. HP: 37/43 MP: 9/9
  3685 | D:5      | Entered Level 5 of the Dungeon
  4075 | D:5      | Reached skill level 6 in Transmutations
  4182 | D:5      | Reached skill level 4 in Poison Magic
  4346 | D:5      | Found an ornate altar of the Wu Jian Council.
  4590 | D:6      | Reached XP level 7. HP: 45/48 MP: 6/10
  4797 | D:6      | Reached skill level 7 in Transmutations
  5032 | D:6      | Reached skill level 8 in Transmutations
  5080 | D:6      | Reached skill level 2 in Fighting
  5085 | D:6      | Reached XP level 8. HP: 56/56 MP: 9/11
  5198 | D:6      | Reached skill level 5 in Unarmed Combat
  5478 | D:6      | Found a staircase to the Ecumenical Temple.
  5487 | Temple   | Entered the Ecumenical Temple
  5645 | Temple   | Became a worshipper of Warmaster Okawaru
  5690 | D:6      | Noticed Sigmund
  5706 | D:6      | Killed Sigmund
  5707 | D:6      | Reached skill level 3 in Fighting
  5996 | D:6      | Found a stormy altar of Qazlal.
  6124 | D:7      | Noticed Pikel
  6147 | D:7      | Killed Pikel
  6147 | D:7      | Reached * piety under Okawaru
  6148 | D:7      | Reached skill level 4 in Fighting
  6148 | D:7      | Reached skill level 7 in Unarmed Combat
  6227 | D:7      | Reached skill level 8 in Unarmed Combat
  6289 | D:7      | Noticed Harold
  6301 | D:7      | Noticed Joseph
  6312 | D:7      | HP: 5/60 [Joseph/+0 quarterstaff (14)]
  6317 | D:7      | Killed from afar by Harold

Vanquished Creatures
  Pikel (D:7)
  Sigmund (D:6)
  A sky beast (D:6)
  An ice beast (D:6)
  A black bear (D:6)
  2 ogres
  A phantom (D:7)
  A wyvern zombie (D:6)
  A centaur zombie (D:4)
  A hound (D:6)
  A bullfrog zombie (D:6)
  A jelly (D:6)
  2 orc priests
  A bullfrog skeleton (D:6)
  Terence (D:2)
  2 iguanas
  An orc wizard (D:3)
  6 worker ants
  A hound zombie (D:7)
  A hound skeleton (D:6)
  A howler monkey zombie (D:6)
  9 adders
  A howler monkey skeleton (D:4)
  2 shadow imps
  2 ufetubi
  An ooze (D:1)
  An adder zombie (D:6)
  An adder skeleton (D:4)
  5 worms
  5 dart slugs
  3 leopard geckos
  17 orcs
  5 giant cockroaches
  8 goblins
  4 hobgoblins
  7 jackals
  4 bats
  7 frilled lizards
  A giant cockroach zombie (D:5)
  8 kobolds
  13 rats
133 creatures vanquished.

Vanquished Creatures (others)
  14 plants
14 creatures vanquished.

Grand Total: 147 creatures vanquished
